Map: Cerulean Fall LE

Players

Lambo - Winner!

  • Race: Zerg Zerg
  • League: Grandmaster
  • Spawn Location: 1:00

llllllllllll (souL)

  • Race: Terran Terran
  • League: Grandmaster
  • Spawn Location: 7:00

VOD

Have the link to the VOD?

Description

Time

  • Played on: Dec. 5, 2018, 7:29 a.m.
  • Length: 30:58
Show
View Real Time Build Order
Export as new Build Order

Lambo Zerg - Winner!

Build Orders: Hatch First 

Get SALT Encoding   

  12  0:00  Drone  
  13  0:12  Overlord  
  13  0:17  Drone  
  14  0:32  Drone x2  
  16  0:48  Hatchery  
  15  0:51  Drone  
  15  0:55  Drone  
  17  0:58  Drone  
  18  1:09  Extractor  
  17  1:13  Spawning Pool  
  17  1:16  Drone  
  17  1:20  Drone  
  18  1:28  Drone  
  19  1:38  Drone  
  20  1:51  Drone  
  21  2:00  Queen x2, Zergling x4  
  27  2:15  Hatchery  
  26  2:20  Overlord  
  26  2:23  Drone  
  26  2:25  Drone  
  28  2:44  Metabolic Boost, Queen  
  28  2:46  Drone x2  
  28  2:49  Overlord  
  32  2:54  Drone x2  
  32  2:58  Drone  
  35  3:00  Drone  
  36  3:12  Drone  
  37  3:13  Drone  
  37  3:14  Queen  
  37  3:19  Drone x2  
  43  3:20  Drone x2  
  43  3:26  Queen  
  46  3:29  Overlord  
  46  3:31  Drone  
  47  3:35  Drone  
  47  3:37  Drone  
  47  3:38  Overlord  
  49  3:49  Zergling x10  
  49  3:55  Queen  
  54  3:59  Drone  
  54  4:00  Drone x2  
  54  4:01  Drone x2  
  61  4:03  Drone  
  61  4:05  Overlord  
  62  4:14  Roach Warren  
  62  4:15  Lair  
  61  4:18  Overlord  
  61  4:21  Overlord  
  61  4:24  Drone  
  62  4:29  Drone x4  
  66  4:40  Drone  
  66  4:41  Drone x2  
  66  4:44  Spore Crawler  
  66  4:45  Spore Crawler, Extractor  
  67  4:46  Drone x3, Extractor  
  67  4:48  Drone x2  
  67  4:49  Drone  
  67  4:52  Overlord  
  71  4:58  Roach x4  
  77  5:01  Overlord  
  77  5:10  Queen  
  77  5:12  Drone x3  
  82  5:15  Overlord  
  82  5:16  Overseer  
  82  5:17  Overlord  
  82  5:19  Overlord  
  82  5:25  Overlord  
  82  5:27  Overlord  
  82  5:28  Drone, Overlord  
  82  5:29  Drone  
  82  5:32  Overlord  
  88  5:35  Roach x2  
  88  5:38  Drone x2  
  88  5:41  Drone  
  93  5:43  Roach x2  
  93  5:47  Overlord  
  93  5:48  Spore Crawler, Roach  
  96  5:56  Drone x2  
  98  5:59  Drone x3  
  98  6:00  Drone x2  
  98  6:04  Drone x3  
  98  6:07  Drone x2  
  103  6:13  Drone x3  
  103  6:18  Extractor  
  105  6:19  Extractor  
  105  6:20  Evolution Chamber x2  
  105  6:21  Extractor  
  101  6:33  Drone x4  
  103  6:40  Drone x2  
  103  6:46  Roach x5  
  113  6:48  Zerg Missile Weapons Level 1, Zerg Ground Armor Level 1  
  113  6:50  Drone x2  
  113  6:51  Overseer  
  111  7:01  Overlord  
  111  7:05  Roach  
  111  7:06  Roach x4  
  111  7:07  Hatchery  
  120  7:11  Glial Reconstitution  
  120  7:12  Overlord  
  120  7:14  Overseer  
  120  7:19  Roach x4  
  128  7:27  Overlord  
  128  7:30  Overlord  
  128  7:31  Roach x5  
  128  7:32  Overlord  
  138  7:40  Roach x4  
  146  7:47  Overseer  
  146  7:48  Queen x2  
  152  7:53  Spore Crawler, Roach x3  
  152  7:54  Roach x2  
  152  7:55  Ravager x3  
  152  7:56  Ravager x2  
  164  8:01  Burrow  
  164  8:05  Roach x3  
  170  8:15  Roach x3  
  176  8:21  Overlord  
  176  8:22  Overlord  
  176  8:27  Roach x4  
  168  8:36  Roach x2  
  168  8:37  Roach  
  168  8:41  Roach x9  
  175  8:51  Roach x5  
  177  9:00  Roach x3  
  161  9:15  Roach x4  
  161  9:16  Baneling Nest, Roach, Zergling x18  
  152  9:26  Roach x9  
  152  9:27  Drone x3  
  149  9:31  Hydralisk Den  
  149  9:33  Infestation Pit  
  149  9:37  Roach x4  
  143  9:40  Roach x6  
  143  9:42  Roach x4  
  143  9:45  Roach x4  
  139  9:51  Roach x4  
  136  9:52  Roach  
  136  9:53  Roach x6  
  132  10:00  Roach x4  
  132  10:03  Roach  
  130  10:08  Roach x3  
  122  10:15  Hive  
  122  10:16  Drone  
  122  10:17  Grooved Spines, Extractor x2  
  107  10:22  Roach  
  107  10:28  Roach x7  
  115  10:30  Tunneling Claws  
  115  10:31  Zerg Missile Weapons Level 2  
  115  10:32  Drone  
  116  10:39  Roach x3  
  122  10:44  Roach  
  122  10:48  Zergling x8  
  126  10:56  Zergling x4  
  128  10:59  Queen  
  128  11:00  Queen  
  128  11:02  Zergling x12, Hatchery  
  128  11:03  Zergling x2  
  138  11:12  Hydralisk x3  
  138  11:13  Overseer  
  138  11:16  Hydralisk x2  
  147  11:19  Hydralisk  
  147  11:23  Spore Crawler, Hydralisk  
  147  11:24  Roach x9  
  150  11:29  Overlord  
  150  11:38  Hydralisk x2  
  150  11:39  Hydralisk  
  156  11:40  Queen  
  156  11:46  Hatchery  
  157  11:53  Viper x5  
  170  12:04  Overlord  
  170  12:05  Muscular Augments  
  154  12:13  Viper  
  154  12:14  Roach x7  
  167  12:19  Roach x2  
  171  12:26  Roach x3  
  177  12:32  Roach x16  
  177  12:33  Hydralisk x2  
  177  12:34  Roach  
  183  12:39  Roach x2  
  183  12:41  Overseer x2  
  187  12:45  Roach x3  
  187  12:46  Roach x2  
  187  12:48  Roach  
  190  12:54  Roach x3  
  191  13:01  Roach x3  
  175  13:07  Overlord  
  175  13:12  Roach x4  
  181  13:19  Roach x2, Hatchery  
  183  13:27  Roach x3  
  183  13:30  Roach  
  183  13:32  Roach  
  188  13:37  Roach x2  
  192  13:48  Hatchery  
  190  13:56  Drone x4  
  191  14:02  Drone  
  191  14:03  Drone x2  
  191  14:05  Pathogen Glands  
  176  14:25  Hydralisk, Roach x7  
  176  14:26  Hydralisk x5  
  176  14:29  Pneumatized Carapace  
  151  14:33  Hydralisk  
  127  14:39  Roach x11  
  127  14:41  Hydralisk x3  
  121  14:53  Hydralisk x3  
  127  15:02  Neural Parasite  
  125  15:12  Drone x6  
  131  15:18  Hatchery  
  131  15:19  Zerg Missile Weapons Level 3  
  130  15:23  Infestor  
  130  15:27  Infestor x2  
  134  15:36  Infestor x3  
  134  15:40  Infestor  
  142  15:50  Spore Crawler, Infestor x3  
  147  15:57  Infestor x3  
  147  16:02  Infestor  
  155  16:08  Roach  
  155  16:10  Roach x4  
  163  16:16  Hydralisk x2, Roach x3  
  167  16:21  Extractor  
  167  16:22  Drone x2  
  167  16:23  Spine Crawler  
  167  16:24  Drone  
  167  16:25  Extractor  
  167  16:28  Infestor  
  169  16:33  Zerg Ground Armor Level 2  
  169  16:36  Hydralisk  
  171  16:46  Hydralisk x3  
  177  16:54  Spire  
  170  16:55  Drone x3  
  170  17:00  Drone x2  
  170  17:01  Drone x2  
  173  17:02  Drone  
  174  17:10  Hydralisk, Roach x2  
  180  17:19  Hydralisk x3  
  180  17:21  Drone x2  
  188  17:26  Hydralisk x2  
  192  17:32  Infestor x13  
  190  17:42  Overlord  
  190  17:49  Drone x5  
  195  17:52  Drone x2  
  197  18:08  Hatchery  
  182  18:18  Unknown  
  182  18:19  Hydralisk x6, Unknown  
  197  18:32  Infestor  
  197  18:33  Greater Spire  
  175  18:34  Zerg Melee Weapons Level 1  
  175  18:37  Infestor x8  
  191  18:48  Spine Crawler  
  190  18:50  Drone x2, Spine Crawler  
  190  18:51  Drone x2  
  193  18:56  Drone x5  
  193  19:01  Zerg Ground Armor Level 3, Spine Crawler  
  197  19:09  Infestor  
  197  19:10  Extractor  
  197  19:12  Extractor  
  195  19:29  Spine Crawler x2  
  193  19:32  Spine Crawler  
  193  19:37  Spire  
  191  19:40  Spine Crawler  
  190  19:51  Corruptor x5  
  200  19:53  Zerg Flyer Armor Level 1  
  200  19:55  Spire  
  200  19:58  Spore Crawler  
  200  19:59  Drone x4  
  192  20:13  Corruptor x3  
  196  20:16  Drone x2  
  196  20:20  Drone x3  
  196  20:21  Drone x2  
  198  20:44  Spine Crawler  
  198  20:45  Hatchery  
  198  20:48  Spore Crawler  
  195  20:52  Zerg Flyer Weapons Level 1  
  184  21:33  Brood Lord x6  
  184  21:35  Overlord x2  
  196  21:48  Overlord  
  196  21:57  Brood Lord x2  
  190  22:12  Corruptor x5  
  191  22:22  Corruptor  
  173  22:41  Hydralisk x8  
  173  22:42  Hydralisk x6  
  192  22:45  Extractor x2  
  192  22:48  Corruptor x2  
  188  23:01  Viper x2  
  194  23:13  Drone  
  194  23:14  Drone x2  
  194  23:16  Drone x3  
  200  23:20  Zerg Flyer Weapons Level 2  
  200  23:21  Zerg Flyer Armor Level 2  
  200  23:36  Overlord  
  200  24:05  Zerg Melee Weapons Level 2  
  200  24:15  Spore Crawler x2  
  200  24:16  Spore Crawler x2  
  196  24:17  Spore Crawler  
  196  24:18  Spore Crawler x2  
  196  24:19  Spore Crawler x2  
  196  24:20  Spore Crawler  
  196  24:21  Drone x10  
  196  24:22  Spore Crawler  
  196  24:23  Spore Crawler, Drone x2  
  200  24:25  Drone  
  208  25:16  Hatchery  
  207  25:26  Infestor  
  197  25:37  Infestor  
  197  25:39  Brood Lord  
  197  25:42  Spore Crawler  
  198  25:43  Spore Crawler  
  198  25:44  Spore Crawler  
  198  25:45  Spore Crawler x2  
  198  25:46  Spore Crawler x4  
  198  25:48  Spore Crawler x2, Brood Lord x6  
  207  26:17  Overlord  
  205  26:32  Spore Crawler  
  205  26:34  Spore Crawler  
  205  26:37  Spore Crawler  
  202  26:42  Overlord x2  
  152  27:13  Infestor  
  126  27:16  Overseer  
  126  27:20  Infestor x10  
  140  27:27  Corruptor  
  140  27:28  Corruptor x4  
  150  27:33  Corruptor x6  
  150  27:35  Infestor x2  
  174  27:39  Overseer  
  162  27:47  Spore Crawler  
  162  27:48  Spore Crawler  
  162  27:49  Spore Crawler  
  159  27:55  Extractor  
  158  27:59  Extractor  
  155  28:06  Brood Lord  
  155  28:07  Brood Lord x3  
  155  28:09  Infestor  
  163  28:14  Drone x3  
  163  28:15  Drone x3  
  169  28:20  Overseer  
  169  28:25  Overseer  
  169  28:38  Roach x2  
  169  28:40  Roach x3  
  169  28:41  Drone x7, Roach  
  175  28:42  Drone  
  178  28:56  Drone x3  
  178  28:57  Drone x3  
  176  29:27  Brood Lord x3  
  176  29:28  Corruptor x4  
  176  29:29  Corruptor  
  192  29:31  Infestor  
  192  29:37  Drone x3  
  195  29:38  Spore Crawler  
  194  29:51  Infestor x10  
  194  29:52  Infestor x4  
  194  29:55  Hatchery  
  193  30:01  Drone x6  
  193  30:02  Drone  
  200  30:13  Overseer  
Show
View Real Time Build Order
Export as new Build Order

llllllllllll Terran 

Build Orders: Gas First Reaper Expand, Liberator Opening 

Get SALT Encoding   

  12  0:01  SCV  
  13  0:13  SCV  
  14  0:18  Supply Depot  
  14  0:25  SCV  
  15  0:30  Refinery  
  15  0:40  SCV  
  16  0:45  Barracks  
  16  0:52  SCV  
  17  1:04  SCV  
  18  1:16  SCV  
  19  1:33  Reaper, Orbital Command  
  20  1:45  Command Center  
  20  1:57  Factory  
  20  2:00  SCV  
  21  2:08  Barracks Reactor  
  21  2:12  SCV  
  22  2:16  Supply Depot  
  22  2:18  Refinery  
  22  2:25  SCV  
  23  2:37  SCV  
  24  2:46  Starport  
  24  2:49  SCV  
  25  2:53  Hellion x2  
  25  2:57  Orbital Command  
  29  3:01  SCV  
  29  3:05  Barracks Tech Lab  
  30  3:09  Supply Depot  
  30  3:14  SCV  
  30  3:17  Hellion  
  33  3:21  Hellion  
  33  3:23  SCV  
  33  3:27  SCV  
  37  3:32  Viking  
  39  3:35  SCV  
  39  3:39  SCV  
  41  3:45  Hellion  
  41  3:46  Liberator, Hellion  
  41  3:47  SCV  
  46  3:51  SCV  
  47  3:56  Supply Depot  
  47  3:59  SCV  
  48  4:03  SCV  
  52  4:11  SCV  
  52  4:15  SCV  
  54  4:18  Hellion x2  
  54  4:22  Armory  
  54  4:23  SCV  
  59  4:27  SCV  
  60  4:35  SCV, Command Center  
  61  4:39  Supply Depot, SCV  
  61  4:43  Hellion  
  62  5:01  Medivac, Hellion, SCV x2  
  62  5:06  Supply Depot  
  68  5:09  Refinery x2  
  68  5:10  Factory  
  68  5:11  Factory  
  68  5:13  Hellion  
  70  5:28  Hellion, SCV x2  
  74  5:30  Supply Depot  
  74  5:40  SCV x2  
  75  5:47  Orbital Command  
  75  5:50  Terran Vehicle And Ship Armor Level 1  
  75  5:52  SCV x2  
  69  6:04  SCV x2  
  69  6:06  Factory Tech Lab  
  69  6:10  Starport Tech Lab  
  69  6:12  Cyclone, Mag-Field Accelerator  
  69  6:16  SCV x2  
  71  6:19  Orbital Command  
  71  6:28  SCV x2  
  71  6:29  Factory  
  71  6:31  Factory  
  71  6:32  Command Center  
  73  6:36  Cyclone  
  72  6:41  Hellion, SCV x2  
  73  6:48  Cyclone  
  73  6:50  SCV  
  73  6:53  SCV x2  
  77  6:55  Banshee  
  77  6:57  Hyperflight Rotors  
  80  7:01  Refinery  
  80  7:02  SCV  
  80  7:04  Refinery  
  80  7:05  SCV x2  
  83  7:08  Engineering Bay  
  83  7:10  Hellion x2  
  83  7:15  Factory Tech Lab, SCV  
  84  7:16  Factory Tech Lab  
  84  7:17  Cyclone, SCV x2  
  89  7:25  Infernal Pre-Igniter  
  89  7:26  Armory  
  89  7:27  SCV  
  89  7:29  SCV x2  
  92  7:36  Cyclone  
  92  7:37  Cyclone, Hellion  
  98  7:39  SCV  
  102  7:44  Hellion, SCV x2  
  102  7:47  Supply Depot x2  
  102  7:48  Banshee  
  102  7:50  Cyclone  
  102  7:51  SCV  
  112  7:56  SCV  
  113  8:00  Cyclone  
  113  8:01  Hellion  
  113  8:02  Supply Depot  
  118  8:05  Terran Vehicle And Ship Armor Level 2  
  118  8:09  SCV  
  119  8:14  Sensor Tower, Supply Depot, Hellion x2  
  119  8:16  SCV  
  124  8:22  Cyclone  
  124  8:23  SCV  
  124  8:25  Cyclone  
  124  8:26  Hellion  
  131  8:32  Cyclone  
  134  8:36  Hellion  
  130  8:43  Cyclone  
  130  8:47  Hellion  
  131  8:54  Hellion  
  130  8:57  Hellion  
  130  8:58  Hellion  
  130  9:02  SCV  
  120  9:05  Cyclone  
  120  9:09  Hellion, SCV  
  122  9:14  SCV  
  122  9:15  Cyclone  
  122  9:16  Hellion, Orbital Command  
  116  9:18  SCV  
  116  9:19  Cyclone  
  116  9:21  SCV  
  121  9:25  Missile Turret  
  121  9:30  SCV  
  121  9:32  Hellion  
  121  9:37  Cyclone  
  123  9:43  Cyclone  
  123  9:45  SCV  
  123  9:48  Cyclone, Hellion  
  110  9:58  Missile Turret, SCV  
  96  10:01  Cyclone  
  96  10:02  Hellion  
  96  10:03  SCV x2  
  100  10:09  Cyclone  
  100  10:10  SCV  
  100  10:12  Banshee  
  100  10:15  Cyclone, SCV x2  
  101  10:22  SCV  
  101  10:23  Missile Turret  
  101  10:27  SCV x2  
  101  10:28  Planetary Fortress  
  104  10:34  SCV  
  105  10:39  Refinery, SCV x2  
  105  10:40  Refinery  
  106  10:46  SCV  
  104  10:51  Cyclone x2, SCV x2  
  112  10:58  SCV  
  112  11:03  SCV  
  112  11:04  Refinery x2, SCV  
  115  11:07  Sensor Tower  
  115  11:10  SCV  
  116  11:12  Missile Turret, Banshee  
  116  11:13  SCV  
  116  11:16  SCV x2  
  122  11:21  Cyclone x2  
  122  11:22  SCV  
  122  11:25  SCV  
  129  11:28  SCV x2  
  129  11:29  Cloaking Field  
  131  11:34  Cyclone  
  131  11:35  Hellion, SCV  
  131  11:37  SCV  
  138  11:40  Hellion x2, SCV x2  
  138  11:46  Terran Vehicle Weapons Level 1  
  145  11:47  SCV  
  145  11:49  SCV  
  145  11:52  SCV  
  145  11:54  Hellion x2  
  151  11:55  Banshee  
  151  11:58  Starport  
  151  12:00  SCV x2  
  150  12:03  SCV  
  150  12:05  SCV  
  149  12:13  SCV  
  150  12:19  Siege Tank x2  
  156  12:26  Supply Depot  
  156  12:27  Supply Depot  
  156  12:31  Supply Depot x2  
  156  12:39  Starport Tech Lab  
  156  12:41  Terran Vehicle And Ship Armor Level 3  
  156  12:43  Fusion Core  
  156  12:48  SCV x3  
  172  13:01  SCV  
  173  13:07  Missile Turret  
  173  13:09  Siege Tank x4, Command Center  
  172  13:17  Supply Depot  
  172  13:18  Neosteel Armor  
  172  13:24  SCV  
  170  13:31  Battlecruiser  
  170  13:33  Starport  
  176  13:35  Starport  
  176  13:41  Siege Tank  
  176  13:46  Terran Ship Weapons Level 1, Command Center  
  179  13:50  Battlecruiser  
  179  14:13  Starport Tech Lab x2  
  179  14:15  Command Center  
  159  14:26  Hellion, Siege Tank x4  
  159  14:31  Orbital Command  
  145  14:35  Battlecruiser  
  145  14:37  Hellion  
  120  14:48  Widow Mine  
  120  14:50  Battlecruiser  
  121  14:58  Cyclone, Siege Tank  
  124  15:00  Cyclone, Hellion  
  129  15:18  Battlecruiser  
  135  15:26  Missile Turret  
  135  15:27  Supply Depot  
  135  15:28  Missile Turret  
  135  15:29  Supply Depot  
  135  15:33  SCV x4  
  139  15:36  Orbital Command  
  139  15:45  SCV, Battlecruiser  
  139  15:46  Sensor Tower, Hellion x4  
  154  15:58  SCV  
  154  15:59  Battlecruiser  
  161  16:08  Battlecruiser  
  161  16:10  Refinery  
  167  16:11  Refinery  
  167  16:17  Missile Turret, Planetary Fortress  
  167  16:21  Supply Depot  
  167  16:24  Planetary Fortress  
  167  16:28  SCV x2  
  169  16:34  Weapon Refit  
  169  16:38  Hellion x3  
  174  16:43  Terran Ship Weapons Level 2  
  174  16:44  Missile Turret  
  174  16:45  SCV  
  174  16:46  SCV  
  172  16:48  SCV  
  172  16:49  SCV  
  172  16:51  SCV  
  174  16:56  Sensor Tower  
  174  17:00  Terran Vehicle Weapons Level 2  
  172  17:04  SCV  
  167  17:11  Cyclone x3  
  176  17:20  Cyclone, Hellion  
  176  17:21  Hellion  
  183  17:23  Refinery  
  183  17:32  Missile Turret x2  
  182  17:41  Command Center  
  182  17:43  Cyclone  
  185  17:44  Missile Turret  
  185  17:50  Battlecruiser x2  
  197  18:07  Command Center  
  169  18:17  Battlecruiser x2  
  172  18:24  Cyclone x3, Hellion  
  147  18:27  Hellion  
  147  18:28  Hellion  
  145  18:42  Factory  
  145  18:43  Factory  
  147  18:54  Battlecruiser  
  157  18:58  Liberator  
  163  19:05  Siege Tank x3  
  163  19:06  Hellion x2  
  163  19:07  Hellion  
  169  19:21  Refinery  
  169  19:22  Planetary Fortress  
  169  19:27  Missile Turret  
  169  19:28  Factory Tech Lab x2, Hellion x3  
  175  19:37  Hellion, Siege Tank  
  175  19:38  Hellion  
  182  19:45  Viking x2  
  182  19:49  Missile Turret, Hellion x2, Siege Tank  
  193  19:55  Hellion, Siege Tank  
  193  19:58  Viking  
  194  20:15  Viking x2  
  198  20:31  Missile Turret  
  198  20:34  Missile Turret  
  198  20:42  Command Center  
  198  20:52  Command Center  
  198  20:53  Command Center  
  198  20:54  Missile Turret  
  198  21:02  Missile Turret  
  198  21:04  Terran Ship Weapons Level 3, Terran Vehicle Weapons Level 3  
  198  21:07  Missile Turret  
  198  21:09  Missile Turret  
  198  21:10  Missile Turret  
  188  21:36  Barracks  
  188  21:38  Barracks  
  188  21:40  Barracks  
  188  21:42  Ghost Academy  
  171  22:19  Battlecruiser x2  
  180  22:28  Battlecruiser  
  178  22:32  Battlecruiser  
  170  22:42  Hellion x4, Siege Tank  
  128  22:57  Siege Tank  
  128  22:58  Hellion x2  
  124  23:02  Planetary Fortress  
  124  23:04  Hellion x4  
  130  23:14  Hellion  
  130  23:18  Barracks Tech Lab x3  
  130  23:19  Hellion, Barracks Tech Lab, Nuke  
  134  23:23  Terran Infantry Armor Level 1, Battlecruiser x2  
  144  23:32  Battlecruiser  
  144  23:33  Hellion  
  150  23:36  Battlecruiser  
  150  23:39  Refinery  
  156  23:41  Command Center  
  156  23:43  Refinery  
  156  23:44  Ghost x3  
  156  23:48  Ghost  
  158  24:00  Orbital Command  
  158  24:02  Personal Cloaking, Orbital Command x2  
  158  24:12  Ghost x2  
  162  24:27  Battlecruiser x2  
  174  24:36  Medivac  
  176  24:40  Medivac  
  172  24:55  Ghost x3  
  178  25:06  Battlecruiser  
  190  25:16  Missile Turret, Ghost  
  190  25:17  Missile Turret  
  186  25:23  Ghost x2  
  188  25:28  Ghost  
  190  25:52  Command Center  
  188  26:21  Missile Turret x2  
  183  26:42  Ghost x4  
  182  27:10  Ghost x4  
  142  27:25  Hellion x8  
  152  27:39  Ghost x2  
  156  27:46  Hellion  
  156  27:47  Hellion x7  
  170  28:07  Battlecruiser x2  
  170  28:08  Hellion x8  
  198  28:23  Ghost  
  198  28:26  Missile Turret  
  184  29:20  Battlecruiser x2  
  196  29:42  Ghost x2  
  192  30:36  Hellion x4  
Tags
 
Add a new tag
Caveats
  • Supply blocks, unpowered buildings, or Contaminate may cause inaccurate times.
  • Supply counts are checked every 10 seconds.